 Dungeon Crawl Stone Soup version 0.27.1-3-gb3d3a73c9e (webtiles) character file.

Game seed: 6991488128167563971

13 Urokeeper the Sneak (level 2, 0/17 HPs)
             Began as a Deep Elf Brigand on Oct 5, 2021.
             Hit by a stone thrown by a hobgoblin (5 damage)
             ... on level 1 of the Dungeon.
             The game lasted 00:02:03 (125 turns).

Urokeeper the Sneak (Deep Elf Brigand)               Turns: 125, Time: 00:02:04

Health: 0/17       AC:  3    Str:  8    XL:     2   Next: 24%
Magic:  4/4        EV: 12    Int: 15    God:
Gold:   0          SH:  0    Dex: 16    Spells: 1/1 levels left

rFire    . . .     SeeInvis .   a - +2 dagger
rCold    . . .     Faith    .   (no shield)
rNeg     . . .     Spirit   .   b - +0 robe
rPois    .         Reflect  .   (no helmet)
rElec    .         Harm     .   c - +0 cloak
rCorr    .         Rampage  .   (no gloves)
Will     .....                  (no boots)
Stlth    +++.......             (no amulet)
HPRegen  0.05/turn              (no ring)
MPRegen  0.09/turn              (no ring)

@: no status effects
A: no striking features
a: no special abilities


You were on level 1 of the Dungeon.
You visited 1 branch of the dungeon, and saw 1 of its levels.

Inventory:

Hand Weapons
 a - a +2 dagger (weapon)
Missiles
 d - 5 poisoned darts (quivered)
 e - 2 curare-tipped darts
Armour
 b - a +0 robe (worn)
 c - a +0 cloak (worn)
 f - a +0 ring mail


   Skills:
 + Level 1.7 Fighting
 + Level 2.2 Short Blades
 + Level 2.2 Throwing
 + Level 1.6 Dodging
 + Level 5.0 Stealth


You had one spell level left.
You didn't know any spells.
Your spell library was empty.

Dungeon Overview and Level Annotations

Branches:
Dungeon (1/15)

Altars:


Message History

You closely miss the hobgoblin.
The hobgoblin hits you but does no damage.
The jackal barks!
You hit the hobgoblin.
The hobgoblin is heavily wounded.
You closely miss the hobgoblin.
The hobgoblin is heavily wounded.
The hobgoblin barely misses you.
You hit the hobgoblin.
You kill the hobgoblin!
You see here a jackal corpse.
Throw: 8 darts (poison)
Press: ? - help, Q - select action, (/) - cycle Shift-Dir - straight line, f - jackal
Aim: a jackal (53% to hit)
You throw a poisoned dart. The poisoned dart hits the jackal.
Throw: 7 darts (poison)
Press: ? - help, Q - select action, (/) - cycle Shift-Dir - straight line, f/p - jackal
Aim: a jackal (53% to hit)
You throw a poisoned dart. The poisoned dart hits the jackal.
The jackal is poisoned.
You closely miss the jackal. The jackal closely misses you.
You closely miss the jackal. The jackal misses you.
The jackal bites you but does no damage.
You closely miss the jackal.
The jackal is heavily wounded.
The jackal bites you but does no damage.
You hit the jackal.
You kill the jackal!
You start resting.
A hobgoblin is nearby!
Throw: 6 darts (poison)
Press: ? - help, Q - select action, (/) - cycle Shift-Dir - straight line, f - hobgoblin
Aim: a hobgoblin, quivering stones (wandering, hasn't noticed you, 60% to hit)
You throw a poisoned dart. The poisoned dart hits the hobgoblin.
The hobgoblin is poisoned.
The hobgoblin shouts!
The hobgoblin throws a stone.
The stone barely misses you.
You see here a jackal corpse.
The hobgoblin throws a stone.
The stone hits you.
You die...

#
......?..............
#.
###....##....#####..
#..###....##....# ##.
#....)..(.........#
##
#.###..g#....#..).# #
#...............
#.............###
#.(..##.......#
##@#####.....## #†#
.... #†# ##..g.
#######.#......
#.........#
#.###.#........
.......#####
#+####..# .##


You could see a hobgoblin (poisoned).

Vanquished Creatures
  A dart slug (D:1)
  A ball python (D:1)
  A hobgoblin (D:1)
  3 jackals (D:1)
  2 kobolds (D:1)
  A rat (D:1)
9 creatures vanquished.

Notes
Turn   | Place    | Note
-------+----------+-------------------------------------------
     0 | D:1      | Urokeeper the Deep Elf Brigand began the quest for the Orb.
     0 | D:1      | Reached XP level 1. HP: 12/12 MP: 3/3
    55 | D:1      | Reached XP level 2. HP: 5/17 MP: 4/4
    57 | D:1      | Reached skill level 5 in Stealth
   125 | D:1      | Hit by a stone thrown by a hobgoblin

Illustrated notes

Levels and vault maps discovered:
D:1:      psy_arrival_spokes, layout_loops_cross,
          hellmonk_ecumenical_altar_inner_sanctum, skrybe_limestone_x

Skill      XL: |  1  2 |
---------------+-------+-----
Stealth        | 5 |  5.0
Fighting       | |  1.7
Short Blades   | |  2.2
Throwing       | |  2.2
Dodging        | |  1.6

Action                   || total
-------------------------++-------
Melee: Dagger            ||    26
Throw: Dart              ||     3
 Stab: Sleeping          ||     2
       Distracted        ||     1
Armor: Robe              ||     9
Dodge: Dodged            ||    27
